 Dungeon Crawl Stone Soup version 0.31-a0-344-gd109795599 (webtiles) character file.

Game seed: 7665948049630430451

725 Conn the Firebug (level 7, 0/43 HPs)
             Began as an Octopode Fire Elementalist on July 21, 2023.
             Succumbed to Ijyb's poison
             ... on level 4 of the Dungeon.
             The game lasted 00:08:23 (3161 turns).

Conn the Firebug (Octopode Fire Elementalist)       Turns: 3161, Time: 00:08:24

Health: 0/43       AC:  1    Str:  7    XL:     7   Next: 72%
Magic:  13/13      EV: 14    Int: 19    God:
Gold:   67         SH:  0    Dex: 19    Spells: 9/15 levels left

rFire   . . .        d - +0 quick blade
rCold   . . .        (no shield)
rNeg    . . .        (helmet restricted)
rPois   .            (no amulet)
rElec   .            b - +6 ring of dexterity
rCorr   .            (no ring)
SInv    .            (no ring)
Will    +....        (no ring)
Stlth   ++++         (no ring)
HPRegen 0.27/turn    (no ring)
MPRegen 0.13/turn    (no ring)
                     (no ring)

%: no passive effects
@: lethally poisoned (0 -> -23), enlightened, flying, hasted, very quick
A: almost no armour, amphibious, 8 rings, camouflage 1, gelatinous body 1,
(nimble swimmer 1), tentacles
a: no special abilities


You were on level 4 of the Dungeon.
You visited 1 branch of the dungeon, and saw 4 of its levels.
You also visited: Sewer.

You collected 67 gold pieces.

Inventory:

Hand Weapons
 d - a +0 quick blade (weapon)
Missiles
 c - 3 poisoned darts
Jewellery
 b - a +6 ring of dexterity (left tentacle)
Scrolls
 g - a scroll of enchant armour {unknown}
 h - a scroll of brand weapon {unknown}
 i - 3 scrolls of identify {unknown}
 l - a scroll of revelation {unknown}
 m - a scroll of vulnerability {unknown}
 q - a scroll of teleportation {unknown}
 s - a scroll of blinking {unknown}
 t - a scroll of immolation {unknown}
 u - a scroll of poison {unknown}
 v - a scroll of enchant weapon {unknown}
Potions
 a - a potion of magic
 e - a potion of brilliance {unknown}
 f - a potion of ambrosia
 j - a potion of attraction {unknown}
 k - a potion of heal wounds {unknown}
 n - a potion of haste
 o - a potion of degeneration {unknown}
 p - a potion of cancellation {unknown}
 r - 2 potions of enlightenment


   Skills:
 + Level 1.0 Fighting
 + Level 1.8 Short Blades
 + Level 2.4 Dodging
 + Level 4.5 Stealth
 + Level 4.5 Spellcasting
 + Level 3.3 Conjurations
 + Level 5.4 Fire Magic


You had 9 spell levels left.
You knew the following spells:

 Your Spells              Type           Power      Damage    Failure   Level
a - Foxfire               Conj/Fire      80%        2x1d8     2%          1
b - Scorch                Fire           48%        2d7       2%          2
c - Inner Flame           Hex/Fire       14%        N/A       13%         3

Your spell library contained the following spells:

 Spells                   Type           Power      Damage    Failure   Level
 Volatile Blastmotes      Fire/Tloc      28%        2d12      13%         3
 Lesser Beckoning         Tloc           8%         N/A       21%         2
 Flame Wave               Conj/Fire      20%        2d7       22%         4
 Gell's Gravitas          Tloc           4%         N/A       36%         3
 Teleport Other           Tloc           4%         N/A       36%         3


Dungeon Overview and Level Annotations

Branches:
Dungeon (4/15)              Sewer (visited)
 Temple: D:4-7

Altars:
Trog

Annotations:
D:4 1 transporter, Ijyb


Innate Abilities, Weirdness & Mutations

You cannot wear most types of armour.
You are amphibious.
You can wear up to eight rings at the same time.
Your skin changes colour to match your surroundings (Stealth+).
Your rubbery body absorbs attacks. (AC +1, EV +1)
((You are camouflaged when in or above water. (Stealth+)))
You have tentacles for arms and can constrict up to eight enemies at once.


Message History

You touch Ijyb but do no damage.
Ijyb is severely wounded.
You condense into your normal self.
Your +0 quick blade unmelds from your body.
Your +6 ring of dexterity unmelds from your body.
You feel agile.
You feel sick.
Casting: Foxfire (safe; 2% risk of failure)
Confirm with . or Enter, or press ? or * to list all spells.
Flames lash Ijyb but do no damage.
You feel sick. Ijyb closely misses you.
It was a potion of ambrosia.
You are confused.
You feel invigorated.
You feel sick.
Ijyb hits you with a +0 dagger of venom.
You are more poisoned.
You bump into the rock wall.
You feel sick. Ijyb closely misses you.
You bump into the rock wall.
You feel less invigorated.
You feel less confused.
You feel sick.
Ijyb hits you with a +0 dagger of venom.
You hit Ijyb but do no damage. You grab Ijyb. You hit Ijyb but do no damage.
Ijyb is severely wounded.
You constrict Ijyb, but do no damage.
You feel sick.
Ijyb zaps a wand.
You resist with some effort.
You hit Ijyb but do no damage. x2; You squeeze Ijyb, but do no damage.
Ijyb is severely wounded.
You constrict Ijyb, but do no damage.
You feel sick.
Ijyb hits you with a +0 dagger of venom.
You are lethally poisoned!
Ijyb hits you with a +0 dagger of venom.
* * * LOW HITPOINT WARNING * * *
You are more poisoned.
It was a potion of haste.
You feel yourself speed up.
You constrict Ijyb.
* * * LOW HITPOINT WARNING * * *
You feel very sick.
Ijyb zaps a wand.
You resist with some effort.
It was a potion of enlightenment.
You feel very buoyant.
You fly up into the air.
You constrict Ijyb.
You die...

##..##....# #....#...##
#...#...## ####........#
##.##.....#..#
#...#.....#..##
#......#..#...#
#......#.....##
#..........>.@#
##...##......g#
##............)...#
#.....###..##........#
#######.###.....#....##
##.....#..####.####.....
...°._.#....##.# .....
##.....#....##. ...#
.#######.....#. ...#


You could see Ijyb.

Vanquished Creatures
  Grinder (D:4)
  An ogre (D:4)
  Blork the orc (D:4)
  A scorpion (D:4)
  An orc priest (D:2)
  2 jellies (D:4)
  An iguana (D:4)
  Jessica (D:2)
  A sleepcap (D:4)
  A river rat (Sewer)
  9 adders
  A dart slug (D:1)
  2 orcs (D:2)
  8 ball pythons
  3 endoplasms (D:1)
  2 giant cockroaches
  6 goblins
  5 hobgoblins
  2 jackals (D:2)
  8 quokkas
  A bat (D:2)
  8 frilled lizards
  7 kobolds
  28 rats
101 creatures vanquished.

Vanquished Creatures (collateral kills)
  A foxfire (D:4)
1 creature vanquished.

Vanquished Creatures (others)
  246 foxfires
246 creatures vanquished.

Grand Total: 348 creatures vanquished

Notes
Turn   | Place    | Note
-------+----------+-------------------------------------------
     0 | D:1      | Conn the Octopode Fire Elementalist began the quest for the
                  | Orb.
     0 | D:1      | Reached XP level 1. HP: 11/11 MP: 3/3
   154 | D:1      | Reached XP level 2. HP: 17/17 MP: 1/5
   340 | D:1      | Found a faded altar of an unknown god.
   562 | D:1      | Reached XP level 3. HP: 22/22 MP: 6/6
  1133 | D:2      | Reached skill level 4 in Fire Magic
  1133 | D:2      | Reached XP level 4. HP: 27/27 MP: 1/7
  1551 | D:2      | Reached skill level 1 in Short Blades
  1661 | D:2      | Reached XP level 5. HP: 31/32 MP: 8/8
  1731 | D:2      | Noticed Jessica
  1737 | D:2      | Killed Jessica
  1794 | D:2      | Learned a level 2 spell: Scorch
  1798 | D:2      | Learned a level 3 spell: Inner Flame
  1874 | D:3      | You fall into a shaft and drop 1 floor!
  1896 | D:4      | Noticed Grinder
  1910 | D:4      | Killed Grinder
  1911 | D:4      | Reached XP level 6. HP: 27/37 MP: 0/11
  1967 | D:4      | Found a glowing drain.
  2026 | Sewer    | Entered a sewer
  2657 | D:4      | Found a transporter.
  2713 | D:4      | Noticed Blork the orc
  2716 | D:4      | Killed Blork the orc
  2717 | D:4      | Reached skill level 5 in Fire Magic
  2717 | D:4      | Reached XP level 7. HP: 39/42 MP: 3/13
  2727 | D:4      | Reached skill level 1 in Fighting
  3016 | D:4      | Found a bloodstained altar of Trog.
  3119 | D:4      | Noticed Ijyb
  3161 | D:4      | Succumbed to Ijyb's poison

Illustrated notes

Levels and vault maps discovered:
D:1:      spicycebolla_green_bress_n_ham, layout_loops_ring,
          chequers_ecumenical_altar_lobes, minmay_pentomino_w2
D:2:      layout_loops_cross, kennysheep_jessica_study
D:3:      layout_basic, nicolae_wu_jian_wuxing_cycle
D:4:      cheibrodos_greedy_goblins, layout_cave_pools, trog_book,
          nicolae_overflow_hidden_temple, enter_ossuary_4, gup_sewer_entry_bowl,
          gammafunk_ghost_mausoleum, minmay_rat_hole, uniq_grinder, uniq_ijyb,
          uniq_eustachio, uniq_blork_the_orc

Skill      XL: |  1  2  3  4  5  6  7 |
---------------+----------------------+-----
Stealth        | 3 4 |  4.5
Fire Magic     | 4 5 |  5.4
Short Blades   | 1 |  1.8
Spellcasting   | 3 4 |  4.5
Conjurations   | 2 3 |  3.3
Fighting       | 1 |  1.0
Dodging        | |  2.4

Action                     |  1- 3 |  4- 6 |  7- 9 || total
---------------------------+-------+-------+-------++-------
  Melee: Unarmed           |     1 |       |    24 ||    25
         Quick blade       |    41 |    66 |    16 ||   123
         Tentacles         |     7 |    17 |     6 ||    30
         Constrict         |     7 |    14 |     4 ||    25
         Punch             |     2 |     3 |       ||     5
   Cast: Foxfire           |    32 |    90 |    21 ||   143
         Scorch            |       |     2 |     7 ||     9
    Use: Potion            |       |       |     3 ||     3
   Stab: Sleeping          |     7 |     2 |     1 ||    10
 Armour: Skin              |     3 |     2 |     4 ||     9
  Dodge: Dodged            |    13 |    25 |    19 ||    57

Table legend: (Time is in decaauts)
 A = Elapsed time spent in this place.
 B = Non-inter-level travel time spent in this place.
 C = Inter-level travel time spent in this place.
 D = Time resting spent in this place.
 E = Time spent auto-exploring this place.
 F = Levels seen in this place.
 G = Mean time per level.
                   A        B        C        D        E       F      G
               +--------+--------+--------+--------+--------+-----+--------+
         Total |   3167 |   3102 |     65 |     51 |   2121 |   5 |  633.4 |
       Dungeon |   2558 |   2493 |     65 |     51 |   1714 |   4 |  639.5 |
         Sewer |    608 |    608 |      0 |      0 |    407 |   1 |  608.0 |
               +--------+--------+--------+--------+--------+-----+--------+

Top non-repeatable levels by time:
     D:2: 939 daAuts
     D:1: 897 daAuts
     D:4: 677 daAuts
   Sewer: 608 daAuts
     D:3: 43 daAuts
